 Dungeon Crawl Stone Soup version 0.24-a0-375-g4de66ed42b (webtiles) character file.

Game seed: 9953439993481998381

3469 HAL9000 the Slicer (level 10, 0/46 HPs)
             Began as a Vine Stalker Assassin on May 31, 2019.
             Was a Follower of Uskayaw.
             Slain by a death yak (15 damage)
             ... on level 7 of the Dungeon.
             The game lasted 00:14:19 (6083 turns).

HAL9000 the Slicer (Vine Stalker Assassin)          Turns: 6083, Time: 00:14:20

Health: 0/46       AC:  9    Str: 15    XL:     10   Next: 6%
Magic:  0/11       EV: 11    Int: 12    God:    Uskayaw [*.....]
Gold:   306        SH:  0    Dex: 17    Spells: 9/9 levels left

rFire    . . .     SeeInvis .   D - +4 dagger (chaos)
rCold    . . .     Gourm    .   (no shield)
rNeg     . . .     Faith    .   x - +0 leather armour
rPois    +         Spirit   +   (no helmet)
rElec    .         Reflect  .   g - +0 cloak
rCorr    .         Harm     .   (no gloves)
MR       +....                  s - +0 pair of boots
Stlth    +++.......             (no amulet)
HPRegen  0.55/turn              t - ring of poison resistance
MPRegen  0.12/turn              l - +4 ring of protection

@: no status effects
A: fangs 3, regeneration 1, magic shield, antimagic bite, no potion heal 3, rot
immunity
a: Stomp, Renounce Religion


You were on level 7 of the Dungeon.
You worshipped Uskayaw.
Uskayaw was noncommittal.
You were not hungry.

You visited 2 branches of the dungeon, and saw 9 of its levels.

You collected 306 gold pieces.

Inventory:

Hand Weapons
 a - a +2 dagger
 C - a +3 scimitar of freezing
 D - a +4 dagger of chaos (weapon)
Missiles
 d - 10 poisoned darts (quivered)
 H - 2 boomerangs
Armour
 g - a +0 cloak (worn)
 s - a +0 pair of boots (worn)
 x - a +0 leather armour (worn)
Jewellery
 j - an uncursed ring of resist corrosion
 l - a +4 ring of protection (right hand)
 q - a +4 ring of intelligence
 t - a ring of poison resistance (left hand)
 E - an uncursed ring of flight
Wands
 m - a wand of paralysis (7)
 u - a wand of digging (2)
Scrolls
 b - a scroll of magic mapping {unknown}
 c - 2 scrolls of immolation {unknown}
 e - a scroll of vulnerability {unknown}
 h - 5 scrolls of fog
 k - a scroll of fear {unknown}
 r - 4 scrolls of remove curse
 w - 2 scrolls of teleportation {unknown}
 y - 4 scrolls of amnesia {unknown}
 F - a scroll of enchant weapon {unknown}
Potions
 i - 2 potions of cancellation
 n - 2 potions of haste
 o - a potion of brilliance
 p - a potion of curing
 v - 4 potions of ambrosia
 z - 3 potions of lignification
 A - a potion of agility
 B - 2 potions of invisibility
Comestibles
 f - 14 rations
 G - 2 chunks of flesh


   Skills:
 - Level 1.7 Fighting
 - Level 12.5 Short Blades
 - Level 1.7 Throwing
 - Level 0.7 Dodging
 + Level 5.0 Stealth
 * Level 0.5 Invocations


You had 9 spell levels left.
You didn't know any spells.
Your spell library was empty.

Dungeon Overview and Level Annotations

Branches:
Dungeon (8/15)             Temple (1/1) D:4            Lair (0/6) D:8

Altars:
Ashenzari
Cheibriados
Dithmenos
Elyvilon
Fedhas
Gozag
Hepliaklqana
Kikubaaqudgha
Makhleb
Nemelex Xobeh
Okawaru
Qazlal
Ru
Sif Muna
Trog
Uskayaw
Vehumet
Wu Jian
Xom
Yredelemnul
Zin
The Shining One

Shops:
D:5 }   D:7 !

Annotations:
D:7 3 runed translucent doors, bosakos's ghost, novice GnAM


Innate Abilities, Weirdness & Mutations

You have razor-sharp teeth.
Your natural rate of healing is unusually fast.
When hurt, damage is shared between your health and your magic reserves.
Your bite disrupts and absorbs the magic of your enemies.
Potions cannot restore your health.
You are immune to rotting.


Message History

You bite the river rat, but do no damage.
The river rat is lightly wounded.
The river rat bites you. The death yak gores you!!
You hit the river rat.
The river rat has an odd expression for a moment.
The river rat is moderately wounded.
You hit the river rat.
The river rat appears confused.
You bite the river rat, but do no damage.
The river rat is heavily wounded.
The death yak gores you but does no damage.
The river rat stops moving altogether!
The helpless river rat fails to defend itself.
You stick the river rat like a pincushion!!!!
You kill the river rat!
The death yak gores you!
* * * LOW HITPOINT WARNING * * *
Unknown command.
The death yak barely misses you. The death yak gores you!!
You die...

##..##.# #.### #.#
....##.# #)# #.#
##..##.# #.# ##### #.#
#..##.#
#.###..>#########.#####
##..##.#
#.##..#..##............
.......#
#....###.##.#####.####.
##..#### ####.Y#..##.#
#.# #. #.....#
##Y..###.# #.####.
##.###.### ##@## #.#
#....#. .........# #.#
#.# ####.#. ...###.#.#
#.# #.# #.#. #.## #.#.#
#.# #.# #.#. #.#
#.#.#######.##
#.########.#. #.#
#.#..........#
#............ #.#
#.########.#.#
##########.## #.# #.#
#.#.# #.# #.# #.# #.#.#
#.#


You could see 2 death yaks.

Vanquished Creatures
  A death yak (D:8)
  Psyche (D:8)
  Grinder (D:3)
  Sigmund (D:5)
  A hungry ghost (D:8)
  Duvessa (D:7)
  A black bear (D:7)
  A phantom (D:7)
  4 ogres
  5 bullfrogs
  Dowan (D:7)
  2 scorpions (D:4)
  4 killer bees
  3 wights (D:6)
  A crimson imp (D:6)
  A bullfrog zombie (D:5)
  A centaur zombie (D:5)
  An orc priest (D:6)
  A jelly (D:7)
  6 orc wizards
  2 bullfrog skeletons
  Ijyb (D:3)
  A river rat (D:7)
  8 adders
  A shadow imp (D:6)
  An ooze (D:4)
  4 worms
  2 dart slugs
  4 leopard geckos
  18 orcs
  5 ball pythons
  8 giant cockroaches
  8 goblins
  5 hobgoblins
  11 jackals
  4 quokkas
  A ball python skeleton (D:4)
  11 bats
  6 frilled lizards
  A jackal skeleton (D:4)
  8 kobolds
  4 rats
152 creatures vanquished.

Notes
Turn   | Place    | Note
-------+----------+-------------------------------------------
     0 | D:1      | HAL9000 the Vine Stalker Assassin began the quest for the
                  | Orb.
     0 | D:1      | Reached XP level 1. HP: 11/11 MP: 2/2
    34 | D:1      | Reached skill level 2 in Short Blades
   356 | D:1      | Reached XP level 2. HP: 15/15 MP: 3/3
   584 | D:1      | Reached skill level 3 in Short Blades
   623 | D:1      | Reached XP level 3. HP: 18/18 MP: 4/4
  1858 | D:2      | Gained mutation: Your natural rate of healing is unusually
                  | fast. [Vine Stalker growth]
  1858 | D:2      | Reached XP level 4. HP: 14/23 MP: 5/5
  2068 | D:2      | Reached skill level 4 in Short Blades
  2173 | D:3      | Noticed Ijyb
  2194 | D:3      | Killed Ijyb
  2227 | D:3      | Noticed Grinder
  2233 | D:3      | Paralysed by Grinder for 4 turns
  2241 | D:3      | Killed Grinder
  2241 | D:3      | Reached skill level 6 in Short Blades
  2241 | D:3      | Reached XP level 5. HP: 23/26 MP: 6/6
  2241 | D:3      | Reached XP level 6. HP: 27/30 MP: 7/7
  2473 | D:3      | Found a snail-covered altar of Cheibriados.
  2875 | D:4      | Reached XP level 7. HP: 34/34 MP: 8/8
  2967 | D:4      | Found a staircase to the Ecumenical Temple.
  3001 | Temple   | Entered the Ecumenical Temple
  3281 | Temple   | Became a worshipper of Uskayaw the Reveler
  3321 | D:4      | Reached * piety under Uskayaw
  3347 | D:4      | Reached ** piety under Uskayaw
  3353 | D:4      | Reached skill level 7 in Short Blades
  3354 | D:4      | Reached *** piety under Uskayaw
  3709 | D:5      | Entered Level 5 of the Dungeon
  3768 | D:5      | Noticed Sigmund
  3799 | D:4      | Reached skill level 8 in Short Blades
  3893 | D:5      | Gained mutation: You have razor-sharp teeth. [Vine Stalker
                  | growth]
  3893 | D:5      | Reached XP level 8. HP: 35/38 MP: 9/9
  3947 | D:5      | Found Oshrefecsef's Gadget Emporium.
  4164 | D:5      | Killed Sigmund
  4224 | D:6      | Reached skill level 9 in Short Blades
  4227 | D:6      | Reached **** piety under Uskayaw
  4423 | D:6      | Found a burning altar of Makhleb.
  4651 | D:6      | Reached skill level 10 in Short Blades
  4971 | D:7      | Noticed Dowan
  4976 | D:7      | Noticed Duvessa
  5003 | D:7      | Killed Duvessa
  5003 | D:7      | Reached XP level 9. HP: 37/42 MP: 10/10
  5007 | D:7      | Killed Dowan
  5096 | D:7      | Found Xecock's Distillery.
  5242 | D:7      | Found a runed translucent gate.
  5243 | D:7      | Found a runed translucent gate.
  5243 | D:7      | Noticed bosakos's ghost (novice GnAM)
  5244 | D:7      | Found a runed translucent gate.
  5244 | D:7      | Identified the +2 whip of the Briny Deep {chaos, Fragile
                  | rF- rC+ Str+9}
  5611 | D:7      | Reached skill level 11 in Short Blades
  5629 | D:7      | HP: 2/42 [killer bee (1)]
  5631 | D:7      | Reached ***** piety under Uskayaw
  5773 | D:8      | Noticed Psyche
  5776 | D:8      | Killed Psyche
  5897 | D:8      | Noticed a death yak
  5928 | D:8      | Killed a death yak
  5928 | D:8      | Reached skill level 12 in Short Blades
  5928 | D:8      | Reached XP level 10. HP: 14/46 MP: 9/11
  5982 | D:8      | Found a staircase to the Lair.
  5982 | D:8      | Noticed a death yak
  5982 | D:8      | Noticed a death yak
  6000 | D:8      | Reached skill level 5 in Stealth
  6083 | D:7      | Slain by a death yak

Levels and vault maps discovered:
D:1:      dpeg_arrival_chambers_temple_mockup, layout_basic
D:2:      layout_loops_cross
D:3:      layout_rooms, nicolae_overflow_crystal_walls, serial_park_tiny_2,
          uniq_ijyb, uniq_grinder
D:4:      layout_gridville, minmay_temple_entry_fiery
D:5:      layout_rooms, first_ration, serial_shops, nicolae_shop_behind_doors,
          uniq_sigmund
D:6:      layout_basic, basic_altar
D:7:      layout_loops_ring, serial_shops, shop, gammafunk_ghost_nasty_kobolds,
          uniq_duvessa
D:8:      layout_loops_corners, dpeg_lair_monsters, gammafunk_ghost_hive,
          uniq_psyche
Temple:   regret_index_temple_sigil_plot

Skill      XL: |  1  2  3  4  5  6  7  8  9 10 |
---------------+-------------------------------+-----
Short Blades   | 2 3 6 8 10 12 | 12.5
Stealth        | 5 |  5.0
Fighting       | |  1.7
Throwing       | |  1.7
Dodging        | |  0.7
Invocations    | |  0.5

Action                   |  1- 3 |  4- 6 |  7- 9 | 10-12 || total
-------------------------+-------+-------+-------+-------++-------
Melee: Dagger            |   124 |   100 |   341 |    25 ||   590
       Bite              |    27 |    37 |   107 |    12 ||   183
Throw: Dart              |     3 |     3 |    24 |       ||    30
  Use: Scroll            |     6 |       |     6 |       ||    12
       Potion            |       |     1 |     2 |       ||     3
 Stab: Sleeping          |    11 |     5 |    12 |       ||    28
       Distracted        |     1 |       |       |       ||     1
       Paralysed         |       |       |     9 |       ||     9
       Invisible         |       |       |     1 |       ||     1
       Petrified         |       |       |       |     1 ||     1
  Eat: Chunk             |     3 |     3 |     8 |       ||    14
       Ration            |       |       |     1 |       ||     1
Armor: Robe              |    41 |    10 |       |       ||    51
       Leather armour    |       |    14 |    94 |     4 ||   112
Dodge: Dodged            |    80 |    53 |   136 |    13 ||   282

Table legend:
 A = Non-vault XP
 B = Vault XP
 C = Vault XP percentage of total XP
 D = Non-vault monster count
 E = Vault monster count
 F = Vault count percentage of total count
                 A         B        C        D         E       F
            +---------+---------+-------+---------+---------+-------
      Total |    2832 |    2125 |  42.9 |     144 |       8 |   5.3
            +---------+---------+-------+---------+---------+-------
        D:1 |      51 |       0 |   0.0 |      30 |       0 |   0.0
        D:2 |      36 |       0 |   0.0 |      15 |       0 |   0.0
        D:3 |      54 |     325 |  85.8 |      22 |       2 |   8.3
        D:4 |     704 |       0 |   0.0 |      26 |       0 |   0.0
        D:5 |     159 |     223 |  58.4 |       9 |       1 |  10.0
        D:6 |     600 |       0 |   0.0 |      22 |       0 |   0.0
        D:7 |     792 |     235 |  22.9 |      12 |       3 |  20.0
        D:8 |     436 |    1342 |  75.5 |       8 |       2 |  20.0
            +---------+---------+-------+---------+---------+-------
